 Dungeon Crawl Stone Soup version 0.30.1-9-gdf580d7c3d (webtiles) character file.

Game seed: 9754590937530027579

14 Janerl the Trooper (level 2, 0/27 HPs)
             Began as a Hill Orc Fighter on Oct 20, 2023.
             Slain by a gnoll
             ... wielding a +0 flail
              (10 damage)
             ... on level 1 of the Dungeon.
             The game lasted 00:00:38 (216 turns).

Janerl the Trooper (Hill Orc Fighter)                Turns: 216, Time: 00:00:38

Health: 0/27       AC:  6    Str: 18    XL:     2   Next: 41%
Magic:  2/2        EV:  9    Int:  8    God:
Gold:   18         SH:  4    Dex: 10    Spells: 1/1 levels left

rFire   . . .        a - +0 war axe
rCold   . . .        c - +0 buckler
rNeg    . . .        b - +0 scale mail
rPois   .            (no helmet)
rElec   .            (no cloak)
rCorr   .            (no gloves)
SInv    .            (no boots)
Will    .....        (no amulet) Stlth
                     (no ring)
HPRegen 0.24/turn    (no ring)
MPRegen 0.08/turn

%: no passive effects
@: no status effects
A: no striking features
a: no special abilities


You were on level 1 of the Dungeon.
You visited 1 branch of the dungeon, and saw 1 of its levels.

You collected 18 gold pieces.

Inventory:

Hand Weapons
 a - a +0 war axe (weapon)
Armour
 b - a +0 scale mail (worn)
 c - a +0 buckler (worn)
Scrolls
 e - 2 scrolls of identify {unknown}
 g - a scroll of immolation {unknown}
 h - a scroll of enchant weapon {unknown}
Potions
 d - a potion of might
 f - 2 potions of ambrosia {unknown}


   Skills:
 + Level 3.8 Fighting
 + Level 3.0 Axes
 + Level 3.5 Armour
 + Level 0.1 Dodging
 + Level 3.4 Shields


You had one spell level left.
You didn't know any spells.
Your spell library was empty.

Dungeon Overview and Level Annotations

Branches:
Dungeon (1/15)

Altars:


Message History

There is an open door here.
Things that are here:
a +0 dagger; a jackal corpse
h - a scroll labelled JIZI OPENLU A frilled lizard comes into view.
Found a robe, 13 gold pieces, 4 stones and 3 scrolls labelled RUCIOTWUOT.
A rat comes into view.
A gnoll comes into view. It is wielding a +0 flail.
The gnoll shouts!
The rat bites you but does no damage.
You hit the rat.
The rat is heavily wounded.
You barely miss the gnoll. The rat bites you but does no damage.
The gnoll closely misses you. You block the rat's attack.
The gnoll hits you but does no damage.
You hit the rat.
You kill the rat!
You barely miss the gnoll. The gnoll hits you with a +0 flail!
A goblin comes into view. It is wielding a +0 dagger.
The gnoll hits you with a +0 flail.
You hit the gnoll but do no damage. The gnoll barely misses you.
The gnoll hits you with a +0 flail.
The frilled lizard bites you but does no damage.
You hit the gnoll but do no damage. You barely miss the goblin.
You hit the frilled lizard.
You kill the frilled lizard!
The gnoll hits you with a +0 flail. The goblin barely misses you.
You slash the gnoll!
The gnoll is severely wounded.
You slash the goblin!
You kill the goblin!
The gnoll hits you with a +0 flail.
* * * LOW HITPOINT WARNING * * *
The gnoll barely misses you.
You see here 4 stones.
The gnoll attacks as you move away! You block the gnoll's attack.
The gnoll closely misses you. The gnoll attacks as you move away!
The gnoll barely misses you. The gnoll attacks as you move away!
The gnoll hits you with a +0 flail!
You die...

#....##.# #.
#....'..####'
#....#.......
########....#.......
#...........#.......
#####.############)#####
###...#.....†.######.# ..
#.#######.##...#.# .. #.
#...g@..........># #.#
#.###.#.##.#....#.#.#
#...#)(...#.##.######.#.#
#....[.#....##.#....#.#.#
#..###.###..##.#..###.#.#
#. #..#....##....#...#.#
#.......#####†#.###.#
......#####.#####...# #.#
...... #.##...######.#


You could see a gnoll.

Vanquished Creatures
  A bat (D:1)
  An endoplasm (D:1)
  A goblin (D:1)
  A hobgoblin (D:1)
  3 jackals (D:1)
  2 ball pythons (D:1)
  A frilled lizard (D:1)
  A kobold (D:1)
  2 rats (D:1)
13 creatures vanquished.

Notes
Turn   | Place    | Note
-------+----------+-------------------------------------------
     0 | D:1      | Janerl the Hill Orc Fighter began the quest for the Orb.
     0 | D:1      | Reached XP level 1. HP: 19/19 MP: 1/1
   125 | D:1      | Reached XP level 2. HP: 26/27 MP: 2/2
   216 | D:1      | Slain by a gnoll

Illustrated notes

Levels and vault maps discovered:
D:1:      wheals_arrival_linesprint, layout_basic, minmay_pentomino_t4

Skill      XL: |  1 |
---------------+----+-----
Axes           | 3 |  3.0
Fighting       | |  3.8
Armour         | |  3.5
Dodging        | |  0.1
Shields        | |  3.4

Action                     || total
---------------------------++-------
  Melee: War axe           ||    36
 Armour: Scale mail        ||    27
  Dodge: Dodged            ||    26
  Block: Buckler           ||    14
